 Dungeon Crawl Stone Soup version 0.29.0-4-gdea44cf6ec (webtiles) character file.

Game seed: 11369861983448075620

2062 qw the Cleaver (level 9, -1/50 (54) HPs)
             Began as a Tengu Warper on Aug 28, 2022.
             Was a Believer of Okawaru.
             Slain by Maggie
             ... wielding a +0 war axe of draining
              (2 damage)
             ... on level 6 of the Dungeon.
             The game lasted 00:00:39 (6549 turns).

qw the Cleaver (Tengu Warper)                       Turns: 6549, Time: 00:00:40

HP:   -1/50 (54)    AC: 11    Str: 22    XL:     9   Next: 25%
MP:   11/13         EV: 14    Int: 14    God:    Okawaru [**....]
Gold: 206           SH:  0    Dex: 15    Spells: 12/12 levels left

rFire   . . .      SeeInvis .   f - +4 hand axe "Bugirph" {speed, Fly Dex+2}
rCold   . . .      Faith    .   (no shield)
rNeg    . . .      Spirit   .   h - +0 chain mail
rPois   .          Reflect  .   (helmet restricted)
rElec   .          Harm     .   (no cloak)
rCorr   .          Rampage  .   (no gloves)
Will    .....                   (boots unavailable)
Stlth   ..........              (no amulet)
HPRegen 0.16/turn               e - +6 ring of strength
MPRegen 0.13/turn               (no ring)

@: heroic, flying quickly and evasively, mesmerised, drained, quick
A: beak, talons 3, nimble flight
a: Renounce Religion, Heroism


You were on level 6 of the Dungeon.
You worshipped Okawaru.
Okawaru was pleased with you.
You visited 2 branches of the dungeon, and saw 7 of its levels.

You collected 206 gold pieces.


Innate Abilities, Weirdness & Mutations

You have a beak for a mouth.
You have claws for feet.
Your magical nature lets you fly swiftly and evasively.


   Skills:
 - Level 5.1(10.1) Fighting
 + Level 10.0(15.0) Axes
 - Level 2.0(7.0) Throwing
 - Level 3.3(8.3) Armour
 - Level 3.0(8.0) Dodging
 - Level 2.0 Spellcasting
 - Level 2.4 Translocations
 - Level 4.0 Invocations


You had 12 spell levels left.
You didn't know any spells.
Your spell library contained the following spells:

 Spells                   Type           Power      Damage    Failure   Level
 Blink                    Tloc           16%        N/A       65%         2
 Gell's Gravitas          Tloc           8%         N/A       87%         3
 Lesser Beckoning         Tloc           8%         N/A       87%         3
 Teleport Other           Tloc           8%         N/A       87%         3
 Manifold Assault         Tloc           8%         N/A       100%        5

Inventory:

Hand Weapons
 d - a +0 flail
 f - the +4 hand axe "Bugirph" (weapon) {speed, Fly Dex+2}
   (You found it on level 3 of the Dungeon)

   Attacks with this weapon are significantly faster.
   Dex:       It affects your dexterity (+2).
   Fly:       It grants you flight.
Missiles
 c - a javelin (quivered)
Armour
 h - a +0 chain mail (worn)
Jewellery
 a - a ring of fire
 b - an amulet of guardian spirit
 e - a +6 ring of strength (left hand)
Scrolls
 g - 2 scrolls of identify
Potions
 i - a potion of haste
 j - a potion of attraction {unknown}
 k - a potion of mutation {unknown}

Dungeon Overview and Level Annotations

Branches:
Dungeon (6/15)             Temple (1/1) D:5

Altars:
Ashenzari
Cheibriados
Dithmenos
Elyvilon
Fedhas
Gozag
Kikubaaqudgha
Makhleb
Nemelex Xobeh
Okawaru
Ru
Trog
Vehumet
Xom
Yredelemnul
Zin
The Shining One

Shops:
D:3 (

Annotations:
D:6 Maggie


Message History

Press: ? - help, Q - select action Shift-Dir - straight line, f/p - ufetubus You throw a javelin.
The javelin pierces through the ufetubus.
The ufetubus is moderately wounded.
Maggie the Vainglorious comes into view.
She is wielding a +0 war axe of draining.
Maggie shouts!
You hit the ufetubus.
You kill the ufetubus!
Okawaru accepts your kill.
Maggie points at you and mumbles some strange words.
The bolt of fire hits you!
Maggie hits you with a +0 war axe of draining!
You feel drained.
6542 ||| INVOKING Heroism.
You gain the combat prowess of a mighty hero.
Maggie hits you with a +0 war axe of draining!
You feel drained.
You hit Maggie but do no damage. You claw Maggie.
You peck Maggie, but do no damage.
Maggie is lightly wounded.
You closely miss Maggie. You peck Maggie.
Maggie is lightly wounded.
Maggie points at you and mumbles some strange words.
The bolt of fire hits you!
You hit Maggie but do no damage. You claw Maggie! Your peck misses Maggie.
Maggie is moderately wounded.
You hit Maggie.
Maggie is moderately wounded.
You hit Maggie. You claw Maggie!
Maggie is severely wounded.
Maggie casts a spell.
Maggie attempts to bespell you!
You are mesmerised by Maggie!
You slash Maggie! You claw Maggie, but do no damage.
Maggie is severely wounded.
You slash Maggie!
Maggie is almost dead.
Maggie says, "Leave now, and tell all of Margery's mercy!"
Maggie hits you with a +0 war axe of draining.
You die...

#.# ##.#####.###
#.#####..........
#
#............####
#.
#.####...........
###.# #.#
#......[....
.....#+#.##
#...........
..........#
#........^..
..........#
###'#.......
.......@..#
#.#.......
......@####
#.#######.
###.(.. #.# #.
...(#.. #.#
###.#.. #.# # #..
#.# #.. #.# #.#


You could see Maggie (mesmerising).

Vanquished Creatures
  Pikel (D:4)
  Sigmund (D:3)
  Eustachio (D:5)
  Menkaure (D:4)
  2 ice beasts (D:5)
  A sky beast (D:6)
  2 lemures
  A kobold brigand (D:6)
  Blork the orc (D:5)
  A gnoll sergeant (D:5)
  2 necrophages (D:5)
  A scorpion (D:5)
  2 hounds
  2 jellies (D:5)
  3 iguanas
  Jessica (D:2)
  2 orc wizards (D:5)
  5 gnolls (D:5)
  13 adders
  2 ufetubi
  3 worms
  2 dart slugs (D:2)
  8 orcs
  9 endoplasms
  3 giant cockroaches
  3 goblins
  11 hobgoblins
  6 jackals
  16 kobolds
  4 quokkas
  3 ball pythons
  2 bats
  2 frilled lizards
  5 rats
122 creatures vanquished.

Notes
Turn   | Place    | Note
-------+----------+-------------------------------------------
     0 | D:1      | qw the Tengu Warper began the quest for the Orb.
     0 | D:1      | Reached XP level 1. HP: 12/12 MP: 4/4
     0 | D:1      | 0 ||| qw: Version: 0.1-a-89-g26bdef1
     0 | D:1      | 0 ||| qw: Game counter: 3141
     0 | D:1      | 0 ||| qw: Always use a shield: true
     0 | D:1      | 0 ||| qw: God list: Okawaru
     0 | D:1      | 0 ||| qw: Allow faded altars: false
     0 | D:1      | 0 ||| qw: Do Orc after D:15 true
     0 | D:1      | 0 ||| qw: Do second Lair branch before Depths: true
     0 | D:1      | 0 ||| qw: Lair rune preference: random
     0 | D:1      | 0 ||| qw: Plans: Normal
     0 | D:1      | 0 ||| PLANNING D:1-11
   136 | D:1      | 136 ||| Stepping ~*~*~tactically~*~*~ (stealth).
   153 | D:1      | HP: 3/12 [hobgoblin (3)]
   438 | D:1      | Reached skill level 3 in Axes
   438 | D:1      | Reached XP level 2. HP: 17/17 MP: 6/6
   449 | D:1      | 449 ||| Stepping ~*~*~tactically~*~*~ (stealth).
   451 | D:1      | 451 ||| Stepping ~*~*~tactically~*~*~ (stealth).
   457 | D:1      | 457 ||| Stepping ~*~*~tactically~*~*~ (stealth).
   483 | D:1      | 483 ||| Stepping ~*~*~tactically~*~*~ (stealth).
   484 | D:1      | 484 ||| Stepping ~*~*~tactically~*~*~ (stealth).
   741 | D:1      | 741 ||| UPGRADING to +0 chain mail.
   751 | D:1      | 751 ||| DROPPING +0 leather armour.
   752 | D:1      | 752 ||| READING scroll labelled FAORPH YMARUM.
   853 | D:1      | 853 ||| READING scroll labelled NIHIOSOREXO.
   854 | D:1      | 854 ||| READING scroll labelled TENNAA ATHOLL.
   855 | D:1      | 855 ||| DRINKING 2 silvery potions.
   856 | D:1      | 856 ||| DROPPING scroll of blinking.
   857 | D:1      | 857 ||| DROPPING potion of flight.
   887 | D:2      | 887 ||| STAIRDANCE
   892 | D:1      | Reached XP level 3. HP: 19/21 MP: 7/7
   915 | D:2      | 915 ||| STAIRDANCE
   978 | D:2      | Reached skill level 4 in Axes
   989 | D:2      | Noticed Jessica
   997 | D:2      | HP: 5/21 [Jessica/bolt of light (16)]
  1000 | D:2      | Killed Jessica
  1001 | D:2      | Reached XP level 4. HP: 6/26 MP: 8/8
  1070 | D:2      | 1070 ||| FLEEEEING.
  1071 | D:2      | 1071 ||| STAIRDANCE
  1331 | D:2      | 1331 ||| Stepping ~*~*~tactically~*~*~ (stealth).
  1366 | D:2      | Reached skill level 5 in Axes
  1767 | D:2      | Found a faded altar of an unknown god.
  1909 | D:2      | 1909 ||| READING 2 scrolls labelled YCAMPY IBONOI.
  1910 | D:2      | 1910 ||| READING scroll labelled RAANIT OJUN.
  1911 | D:2      | 1911 ||| READING scroll labelled YNESAU WUWUMUTU.
  1912 | D:2      | 1912 ||| DROPPING scroll of fear.
  1947 | D:3      | Found Rimof Yny's Weapon Emporium.
  1956 | D:3      | 1956 ||| SHOPLISTING +2 vorpal hand axe (198 gold, have
                  | 121).
  1978 | D:3      | Gained mutation: Your magical nature lets you fly swiftly
                  | and evasively. [Tengu growth]
  1978 | D:3      | Reached XP level 5. HP: 30/30 MP: 9/9
  2130 | D:3      | Found a broken altar of Ashenzari.
  2153 | D:3      | Identified the +7 long sword "Kinolloulau" {vorpal, rElec
                  | Will+}
  2235 | D:3      | 2235 ||| Stepping ~*~*~tactically~*~*~ (stealth).
  2237 | D:3      | 2237 ||| Stepping ~*~*~tactically~*~*~ (stealth).
  2239 | D:3      | 2239 ||| Stepping ~*~*~tactically~*~*~ (stealth).
  2316 | D:3      | 2316 ||| DROPPING +0 mace.
  2371 | D:3      | Noticed Sigmund
  2372 | D:3      | 2372 ||| Stepping ~*~*~tactically~*~*~ (hiding).
  2389 | D:3      | HP: 7/30 [Sigmund/magic dart (8)]
  2392 | D:3      | Killed Sigmund
  2393 | D:3      | Reached skill level 7 in Axes
  2393 | D:3      | Reached XP level 6. HP: 8/35 MP: 10/10
  2686 | D:3      | Identified the +4 hand axe "Bugirph" {speed, Fly Dex+2}
  2688 | D:3      | 2688 ||| SWAPPING to +4 hand axe "Bugirph" {speed, Fly
                  | Dex+2}.
  2689 | D:3      | 2689 ||| DROPPING +0 hand axe.
  2787 | D:3      | Found a sacrificial altar of Ru.
  3073 | D:3      | Found a shadowy altar of Dithmenos.
  3120 | D:3      | Identified the +3 leather armour of Feygiym {Rampage rN++
                  | Stlth-}
  3283 | D:3      | Found an ancient bone altar of Kikubaaqudgha.
  3330 | D:3      | 3330 ||| DRINKING 2 emerald potions.
  3331 | D:3      | 3331 ||| DRINKING 2 dark potions.
  3374 | D:3      | 3374 ||| READING 2 scrolls of identify.
  3374 | D:3      | 3374 ||| IDENTIFYING viscous amethyst potion
  3375 | D:3      | 3375 ||| DROPPING potion of lignification.
  3376 | D:3      | 3376 ||| DROPPING potion of brilliance.
  3383 | D:4      | 3383 ||| PLANNING SEWER
  3502 | D:4      | Noticed Menkaure
  3509 | D:4      | Killed Menkaure
  3510 | D:4      | Reached skill level 3 in Armour
  3708 | D:4      | 3708 ||| Stepping ~*~*~tactically~*~*~ (stealth).
  3722 | D:4      | Reached XP level 7. HP: 40/40 MP: 11/11
  4208 | D:4      | Reached skill level 3 in Fighting
  4215 | D:4      | Found a glowing drain.
  4216 | D:4      | 4216 ||| RIP SEWER
  4216 | D:4      | 4216 ||| PLANNING D:1-11
  4427 | D:4      | 4427 ||| UPGRADING to +6 ring of strength.
  4428 | D:4      | 4428 ||| READING scroll labelled RAUMIAC ACVOT.
  4429 | D:4      | 4429 ||| READING 2 scrolls labelled LAHINA WIAST.
  4430 | D:4      | 4430 ||| READING 2 scrolls of identify.
  4430 | D:4      | 4430 ||| IDENTIFYING fizzy pink potion
  4431 | D:4      | 4431 ||| DROPPING potion of berserk rage.
  4432 | D:4      | 4432 ||| DROPPING scroll of amnesia.
  4452 | D:5      | Entered Level 5 of the Dungeon
  4459 | D:5      | 4459 ||| STAIRDANCE
  4492 | D:5      | Found a staircase to the Ecumenical Temple.
  4493 | D:5      | 4493 ||| PLANNING TEMPLE
  4499 | Temple   | Entered the Ecumenical Temple
  4505 | Temple   | Became a worshipper of Warmaster Okawaru
  5038 | Temple   | 5038 ||| PLANNING D:1-11
  5113 | D:5      | Reached skill level 8 in Axes
  5117 | D:5      | Noticed Pikel
  5127 | D:5      | 5127 ||| FLEEEEING.
  5128 | D:5      | 5128 ||| FLEEEEING.
  5129 | D:5      | 5129 ||| FLEEEEING.
  5130 | D:5      | 5130 ||| FLEEEEING.
  5131 | D:5      | 5131 ||| FLEEEEING.
  5132 | D:5      | 5132 ||| FLEEEEING.
  5133 | D:5      | 5133 ||| FLEEEEING.
  5134 | D:5      | 5134 ||| FLEEEEING.
  5135 | D:5      | 5135 ||| FLEEEEING.
  5136 | D:5      | 5136 ||| FLEEEEING.
  5137 | D:5      | 5137 ||| FLEEEEING.
  5138 | D:5      | 5138 ||| FLEEEEING.
  5139 | D:5      | 5139 ||| FLEEEEING.
  5140 | D:5      | 5140 ||| FLEEEEING.
  5141 | D:5      | 5141 ||| STAIRDANCE
  5217 | D:5      | 5217 ||| STAIRDANCE
  5222 | D:4      | HP: 4/41 [Pikel/+0 whip of freezing (9)]
  5223 | D:4      | 5223 ||| DRINKING 2 potions of heal wounds.
  5234 | D:4      | HP: 10/41 [Pikel/+0 whip of freezing (2)]
  5235 | D:4      | 5235 ||| DRINKING potion of heal wounds.
  5243 | D:4      | Killed Pikel
  5243 | D:4      | Reached * piety under Okawaru
  5244 | D:4      | Reached skill level 10 in Axes
  5244 | D:4      | Reached XP level 8. HP: 37/46 MP: 12/12
  5396 | D:5      | 5396 ||| Stepping ~*~*~tactically~*~*~ (stealth).
  5450 | D:5      | Reached skill level 1 in Invocations
  5463 | D:5      | 5463 ||| Stepping ~*~*~tactically~*~*~ (hiding).
  5464 | D:5      | 5464 ||| Stepping ~*~*~tactically~*~*~ (hiding).
  5485 | D:5      | 5485 ||| Stepping ~*~*~tactically~*~*~ (stealth).
  5488 | D:5      | 5488 ||| FLEEEEING.
  5489 | D:5      | 5489 ||| FLEEEEING.
  5494 | D:5      | 5494 ||| FLEEEEING.
  5496 | D:5      | 5496 ||| FLEEEEING.
  5497 | D:5      | 5497 ||| FLEEEEING.
  5498 | D:5      | 5498 ||| FLEEEEING.
  5499 | D:5      | 5499 ||| FLEEEEING.
  5500 | D:5      | 5500 ||| FLEEEEING.
  5501 | D:5      | 5501 ||| FLEEEEING.
  5505 | D:5      | 5505 ||| FLEEEEING.
  5506 | D:5      | 5506 ||| FLEEEEING.
  5507 | D:5      | 5507 ||| FLEEEEING.
  5508 | D:5      | 5508 ||| FLEEEEING.
  5509 | D:5      | 5509 ||| FLEEEEING.
  5510 | D:5      | 5510 ||| FLEEEEING.
  5511 | D:5      | 5511 ||| FLEEEEING.
  5512 | D:5      | 5512 ||| FLEEEEING.
  5513 | D:5      | 5513 ||| FLEEEEING.
  5514 | D:5      | 5514 ||| FLEEEEING.
  5515 | D:5      | 5515 ||| FLEEEEING.
  5516 | D:5      | 5516 ||| FLEEEEING.
  5517 | D:5      | 5517 ||| FLEEEEING.
  5518 | D:5      | 5518 ||| FLEEEEING.
  5519 | D:5      | 5519 ||| STAIRDANCE
  5575 | D:5      | 5575 ||| Stepping ~*~*~tactically~*~*~ (hiding).
  5577 | D:5      | 5577 ||| Stepping ~*~*~tactically~*~*~ (hiding).
  5583 | D:5      | 5583 ||| Stepping ~*~*~tactically~*~*~ (hiding).
  5621 | D:5      | 5621 ||| Stepping ~*~*~tactically~*~*~ (stealth).
  5623 | D:5      | 5623 ||| INVOKING Heroism.
  5631 | D:5      | Reached skill level 3 in Dodging
  5680 | D:5      | Noticed Eustachio
  5681 | D:5      | 5681 ||| INVOKING Heroism.
  5690 | D:5      | Killed Eustachio
  5690 | D:5      | Reached ** piety under Okawaru
  5691 | D:5      | Reached skill level 3 in Invocations
  5691 | D:5      | Reached XP level 9. HP: 52/52 MP: 11/13
  5841 | D:5      | 5841 ||| Stepping ~*~*~tactically~*~*~ (hiding).
  5847 | D:5      | Noticed Blork the orc
  5848 | D:5      | 5848 ||| INVOKING Heroism.
  5857 | D:5      | Killed Blork the orc
  5865 | D:5      | 5865 ||| INVOKING Heroism.
  5881 | D:5      | HP: 10/52 [gnoll/+0 spear[a gnoll sergeant] (6)]
  6164 | D:5      | Found a shimmering altar of Xom.
  6226 | D:5      | 6226 ||| READING scroll labelled ZUNTUR XISIJ.
  6263 | D:6      | 6263 ||| Stepping ~*~*~tactically~*~*~ (stealth).
  6272 | D:6      | 6272 ||| Stepping ~*~*~tactically~*~*~ (stealth).
  6378 | D:6      | 6378 ||| INVOKING Heroism.
  6536 | D:6      | Noticed Maggie
  6542 | D:6      | 6542 ||| INVOKING Heroism.
  6544 | D:6      | HP: 1/50 [Maggie/bolt of fire (13)]
  6549 | D:6      | Slain by Maggie

Levels and vault maps discovered:
D:1:      heliophobic_arrival_dark_side_of_the_moon, layout_rooms,
          chequers_serial_rivers_room_a, chequers_serial_rivers_micro_b
D:2:      layout_basic, ebering_ecumenical_altar_box, uniq_jessica
D:3:      layout_loops_corners, mainiacjoe_overflow_brackets,
          mainiacjoe_overflow_small_starburst, mainiacjoe_overflow_divided_tiny,
          serial_shops, nicolae_shop_bloodbath_and_beyond, patterned_corridor,
          uniq_sigmund
D:4:      nicolae_BIG_FREAKIN_CUBE, layout_basic, lightli_sewer_entry_pipes,
          uniq_menkaure
D:5:      layout_cave_pools, lemuel_doored_altar,
          minmay_temple_entry_mini_moons, minmay_misc_feat_chi,
          minmay_misc_feat_alley, grunt_decor_cap, uniq_blork_the_orc,
          uniq_pikel, uniq_eustachio
D:6:      layout_basic, uniq_prince_ribbit1, uniq_maggie
Temple:   chequers_temple_sunken

Skill      XL: |  1  2  3  4  5  6  7  8  9 |
---------------+----------------------------+-----
Axes           | 3 4 5 7 10 | 10.0
Armour         | 3 |  3.3
Fighting       | 3 4 5 |  5.1
Invocations    | 3 4 |  4.0
Dodging        | 3 |  3.0
Throwing       | 2 |  2.0
Spellcasting   | |  2.0
Translocations | |  2.4

Action                   |  1- 3 |  4- 6 |  7- 9 || total
-------------------------+-------+-------+-------++-------
Melee: Hand axe          |    45 |   129 |   161 ||   335
       Kick              |    14 |    31 |    43 ||    88
       Peck              |     5 |    20 |    23 ||    48
       Punch             |       |     1 |       ||     1
       Unarmed           |       |       |     6 ||     6
Throw: Boomerang         |     7 |       |       ||     7
       Javelin           |       |       |    13 ||    13
Invok: Heroism           |       |       |     6 ||     6
  Use: Scroll            |     3 |     4 |     4 ||    11
       Potion            |     1 |     2 |     2 ||     5
 Stab: Distracted        |     1 |       |       ||     1
Armor: Leather armour    |     6 |       |       ||     6
       Chain mail        |    12 |    60 |    40 ||   112
       Skin              |       |       |     5 ||     5
Dodge: Dodged            |    27 |    27 |    84 ||   138

Table legend:
 A = Non-vault XP
 B = Vault XP
 C = Vault XP percentage of total XP
 D = Non-vault monster count
 E = Vault monster count
 F = Vault count percentage of total count
                 A         B        C        D         E       F
            +---------+---------+-------+---------+---------+-------
      Total |    1551 |    1395 |  47.4 |     109 |      11 |   9.2
            +---------+---------+-------+---------+---------+-------
        D:1 |      37 |       0 |   0.0 |      17 |       0 |   0.0
        D:2 |      88 |      37 |  29.6 |      15 |       1 |   6.2
        D:3 |      63 |     214 |  77.3 |      24 |       1 |   4.0
        D:4 |     143 |     853 |  85.6 |      23 |       7 |  23.3
        D:5 |     920 |     291 |  24.0 |      19 |       2 |   9.5
        D:6 |     300 |       0 |   0.0 |      11 |       0 |   0.0
            +---------+---------+-------+---------+---------+-------
